 Dungeon Crawl Stone Soup version 0.18-a0-801-gb01a236 (webtiles) character file.

111847 tof the Bludgeoner (level 16, -2/117 HPs)
             Began as a Minotaur Monk on Dec 13, 2015.
             Was the Champion of Ru.
             Splashed with acid (10 damage)
             ... on level 2 of the Pits of Slime on Dec 14, 2015.
             The game lasted 03:48:40 (28023 turns).

tof the Bludgeoner (Minotaur Monk)                 Turns: 28023, Time: 03:48:41

Health: -2/117     AC:  8    Str: 17    XL:     16   Next: 10%
Magic:  6/14       EV:  3    Int: 14    God:    Ru [******]
Gold:   2122       SH: 25    Dex: 27    Spells: 0 memorised, 15 levels left

rFire  + + +     SeeInvis .     P - +1 demon whip (elec)
rCold  + . .     Clarity  .     U - +2 plate armour {rF+}
rNeg   . . .     SustAt   .     L - +5 large shield
rPois  .         Gourm    .     R - +2 hat {Int+3}
rElec  .         Spirit   .     i - +0 cloak
rCorr  .         Dismiss  .     m - +2 pair of gloves {Dex+3}
rMut   .         Stasis   .     (no boots)
MR     +....                    z - amulet of regeneration
Stlth  ..........               g - ring "Zateesum" {Int+4 Dex+5}
                                y - ring of fire

@: exhausted, corroded equipment, heavily drained, somewhat resistant to hostile
enchantments, extremely unstealthy
A: retaliatory headbutt, horns 2, rugged brown scales 1, blurry vision 1, cold
resistance 2, fire resistance 1, frail 2, low mp 1, sense surroundings 2, shaggy
fur 1, evolution 1, no device heal 1, no stealth, inability to train dodging, no
conjurations magic, no fire magic, no transmutations magic, unskilled 1,
inexperienced 1, missing an eye
a: Draw Out Power, Power Leap, Apocalypse, Renounce Religion


You were on level 2 of the Pits of Slime.
You worshipped Ru.
Ru was exalted by your worship.
You were not hungry.

You visited 6 branches of the dungeon, and saw 30 of its levels.
You also visited: Volcano.

You collected 2452 gold pieces.
You spent 330 gold pieces at shops.

Inventory:

Hand Weapons
 a - a +1 flail of protection
 d - the +9 mace "Onem" {drain, rF+}
   (You found it on level 7 of the Lair of Beasts)

   A truly terrible weapon, it drains the life of those it strikes.
   It protects you from fire.
 h - a +0 vampiric whip
 l - a +5 whip of freezing
 s - a +2 flail of crushing
 P - a +1 demon whip of electrocution (weapon)
Armour
 i - a +0 cloak (worn)
 m - a +2 pair of gloves of dexterity (worn)
 C - the +5 ring mail "Reraudug" {rPois SInv}
   (You found it on level 1 of the Lair of Beasts)

   It protects you from poison.
   It lets you see invisible.
 L - a +5 large shield (worn)
 R - a +2 hat of intelligence (worn)
 U - a +2 plate armour of fire resistance (worn)
Jewellery
 g - the ring "Zateesum" (right hand) {Int+4 Dex+5}
   (You found it on level 12 of the Dungeon)

   [ring of dexterity]

   It affects your intelligence (+4).
   It affects your dexterity (+5).
 y - a ring of fire (left hand)
 z - an amulet of regeneration (around neck)
Wands
 k - a wand of disintegration (16)
 p - a wand of slowing (44)
 u - a wand of lightning (8)
 v - a wand of flame (25)
 B - a wand of digging (6)
 J - a wand of heal wounds (2)
 Q - a wand of flame (23)
 T - a wand of frost (28)
 Y - a wand of enslavement (8)
Scrolls
 c - 17 scrolls of remove curse
 e - 8 scrolls of identify
 A - 2 scrolls of magic mapping
 D - 2 scrolls of recharging
 H - 5 scrolls of teleportation
 I - a scroll of torment {unknown}
 M - a scroll of blinking
 O - a scroll of fear
 S - 4 scrolls of fog
 X - 2 scrolls of silence
Potions
 f - 2 potions of heal wounds
 q - 6 potions of might
 r - 7 potions of flight
 t - 7 potions of curing
 F - 5 potions of resistance
 G - a potion of haste
 V - a potion of cancellation
 W - 4 potions of agility
 Z - a potion of berserk rage
Miscellaneous
 x - a plain deck of defence
 E - a plain deck of escape {drawn: 1}
Comestibles
 b - 12 bread rations
 j - 11 meat rations
 n - 19 fruits


   Skills:
 + Level 12.6(10.7) Fighting
 * Level 18.0(15.8) Maces & Flails
 + Level 10.4(8.6) Armour
 + Level 16.7(14.6) Shields
 - Level 4.1(2.6) Unarmed Combat
 + Level 1.4(0.0) Evocations


You had 15 spell levels left.
You didn't know any spells.

Dungeon Overview and Level Annotations

Branches:
Dungeon (15/15)            Temple (0/1) D:5            Lair (8/8) D:10
  Swamp (2/4) Lair:4        Snake (1/4) Lair:5        Slime (2/6) Lair:8
    Orc (2/2) D:10            Elf (0/3) Orc:2        Vaults (0/5) D:14
 Depths (0/5) D:15

Altars:
Ashenzari
Dithmenos
Elyvilon
Makhleb
Okawaru
Ru
Sif Muna
Trog
Xom
Yredelemnul
The Shining One
Beogh
Jiyva

Shops:
D:4 :   D:5 *   D:7 }([=   D:12 *   D:13 }   D:14 :   D:15 (   Orc:1 (
Orc:2 *}[**:([

Annotations:
D:7 rings


Innate Abilities, Weirdness & Mutations

You reflexively headbutt those who attack you in melee.
You have a pair of horns on your head.
Potions and wands are less effective at restoring your health.
You cannot be stealthy.
You cannot train Dodging skill.
You cannot study or cast Conjurations magic.
You cannot study or cast Fire magic.
You cannot study or cast Transmutations magic.
You are somewhat unskilled (-1 Apt).
You are somewhat inexperienced (-2 XL).
You are missing an eye, making it more difficult to aim.
You are partially covered in rugged brown scales (AC +1, +3% HP).
Scrolls take you a little longer to read.
Your flesh is very cold resistant.
Your flesh is heat resistant.
You are very frail (-20% HP).
Your magical capacity is low (-10% MP).
You passively map the area around you.
You are covered in fur (AC +1).
You evolve.


Message History

The acid blob is almost dead.
A slime creature comes into view.
The helpless acid blob fails to defend itself.
You thrash the acid blob!!
You kill the acid blob!
Your base Maces & Flails skill increases to level 18!
You hit the acid blob but do no damage.
Your hands burn!
* * * LOW HITPOINT WARNING * * *
The acid blob is heavily wounded.
The acid blob jiggles.
You block the acid blob's attack.
A slime creature suddenly becomes a large slime creature.
A jelly and a slime creature come into view.
You thrash the acid blob!!
There is a sudden explosion of sparks!
Your hands burn!
* * * LOW HITPOINT WARNING * * *
The acid blob is almost dead. 2 slime creatures come into view.
The wall burns you!
You die...

### , ** ##*
##.### * *, * .
#.# #....### ** ,
.....##......##*
, ....#.#..#....#
,, * ,
,...#...@.....##
*
,,..J....J...J..#
*
*#..#.#....J...#,
* , #
..#.##...J..JJ, ,
*,, #.....
.J...JJJ# ** ,
,....#. ........J
, ,,.....
.....#....,,, *
...,. ........#.
** , ..,
.......... ,


You could see 2 acid blobs, a large slime creature, 5 slime creatures and 2
jellies.

Vanquished Creatures
  Rupert (Orc:2)
  Asterion (Snake:1)
  An acid blob (Slime:2)
  Gastronok (Lair:2)
  Agnes (D:15)
  Roxanne (Swamp:1)
  Maud (Lair:4)
  The ghost of Yakui the Impaler, a journeyman MfGl of Okawaru (Lair:8)
  A fire giant (D:15)
  An orc warlord (Orc:2)
  Nessos (Orc:2)
  Azrael (D:15)
  7 vault guards (D:14)
  A naga warrior (Snake:1)
  10 hydras
  2 ghost crabs
  5 centaur warriors
  2 tengu warriors
  An orc high priest (Orc:2)
  6 death yaks (Lair:8)
  Urug (D:11)
  3 shock serpents
  Sonja (D:12)
  2 spriggans
  An unseen horror (D:12)
  A swamp dragon (Swamp:1)
  Pikel (D:5)
  6 hill giants
  3 orc knights
  5 deep elf magi
  2 griffons
  A mana viper (shapeshifter) (D:12)
  9 ugly things
  A salamander (Snake:1)
  5 cyclopes
  2 orc sorcerers (Orc:2)
  A guardian serpent (Snake:1)
  Joseph (D:8)
  A naga mage (Snake:1)
  20 elephants
  7 black mambas
  Psyche (D:8)
  2 centaur skeletons
  2 gargoyles
  18 spiny frogs
  A yaktaur (Volcano)
  An efreet (D:12)
  2 fire drakes (Lair:6)
  2 tengu conjurers (D:14)
  2 giant leeches (Swamp:1)
  A freezing wraith (D:15)
  6 komodo dragons
  4 trolls
  19 blink frogs
  4 bog bodies
  A queen bee (Lair:1)
  13 slime creatures
  A trapdoor spider zombie (D:9)
  2 trapdoor spiders
  Sigmund (D:4)
  24 yaks
  4 shadows
  4 wyverns
  2 hungry ghosts
  A basilisk (Lair:1)
  A wraith (D:15)
  A vampire (D:12)
  11 wolves
  15 hippogriffs
  2 fire elementals (D:15)
  10 vampire mosquitoes (Swamp:1)
  A mottled dragon (D:13)
  3 wargs
  19 water moccasins
  3 swamp worms
  6 hell hounds (D:15)
  5 nagas
  5 ice beasts
  3 sky beasts
  2 soldier ants
  3 swamp drakes (Swamp:1)
  3 phantoms
  10 porcupines
  27 orc warriors
  3 wasps
  11 ogres
  11 centaurs
  4 boggarts (D:14)
  14 crocodiles
  Blork the orc (D:5)
  19 giant frogs
  2 wyvern zombies
  A gnoll sergeant (D:9)
  7 scorpions
  A wyvern skeleton (D:14)
  26 killer bees
  A water moccasin skeleton (D:12)
  5 jellies
  7 wights (D:12)
  5 crimson imps
  2 giant frog zombies
  26 orc wizards
  2 quasits
  6 hounds
  6 iguanas
  18 orc priests
  3 worker ants
  2 killer bee zombies
  8 sheep
  4 hound zombies
  2 hound skeletons
  8 gnolls
  24 river rats
  12 adders
  2 oozes
  5 worms
  5 giant geckos
  81 orcs
  8 bats
  3 giant cockroaches
  7 goblins
  8 hobgoblins
  5 quokkas
  2 ball pythons
  2 giant gecko zombies (D:8)
  2 giant newts
  2 goblin skeletons (D:7)
  A goblin zombie (D:7)
  2 hobgoblin zombies (D:7)
  18 jackals
  A jackal skeleton (D:4)
  7 kobolds
  2 kobold skeletons (D:7)
  A kobold zombie (D:7)
  2 quokka skeletons
  A quokka zombie (D:5)
  8 rats
  A bush (Lair:7)
  6 fungi
  14 plants
  A spectral weapon (Snake:1)
806 creatures vanquished.

Vanquished Creatures (collateral kills)
  Maurice (D:8)
  An orc (Orc:2)
2 creatures vanquished.

Vanquished Creatures (others)
  A vault guard (D:14)
  A hydra (Lair:6)
  A spriggan druid (Swamp:1)
  A hill giant (D:10)
  An orc knight (Orc:2)
  A cyclops (D:15)
  A black mamba (Lair:6)
  An elephant (D:10)
  A gargoyle (D:15)
  A spiny frog (Lair:8)
  A blink frog (Lair:7)
  A wolf (Lair:7)
  A yak (D:10)
  A swamp worm (Swamp:1)
  A crocodile (Lair:5)
  An electric eel (Lair:7)
  A crimson imp (D:5)
  2 orc priests
  An iguana (D:6)
  5 sheep (D:7)
  An adder (D:7)
  A gnoll (D:7)
  A worm (D:6)
  3 orcs
  6 fungi
  2 plants
39 creatures vanquished.

Grand Total: 847 creatures vanquished

Notes
Turn   | Place    | Note
--------------------------------------------------------------
     0 | D:1      | tof the Minotaur Monk began the quest for the Orb.
     0 | D:1      | Reached XP level 1. HP: 19/19 MP: 0/0
   104 | D:1      | Reached XP level 2. HP: 21/27 MP: 1/1
   175 | D:1      | Reached skill level 1 in Maces & Flails
   670 | D:2      | Reached XP level 3. HP: 15/33 MP: 2/2
  2058 | D:2      | Found an iron altar of Okawaru.
  2063 | D:2      | Found a bloodstained altar of Trog.
  2063 | D:2      | Found a sacrificial altar of Ru.
  2074 | D:2      | Became a worshipper of Ru the Awakened
  2090 | D:2      | Gained mutation: You are somewhat unskilled (-1 Apt). [Ru sacrifice]
  2090 | D:2      | Reached * piety under Ru
  2302 | D:2      | Reached XP level 4. HP: 37/40 MP: 3/3
  3218 | D:4      | Noticed an ogre
  3234 | D:4      | Killed an ogre
  3234 | D:4      | Reached skill level 1 in Armour
  3234 | D:4      | Reached skill level 1 in Shields
  3234 | D:4      | Reached XP level 5. HP: 19/47 MP: 4/4
  3271 | D:4      | Reached XP level 6. HP: 28/53 MP: 5/5
  3431 | D:4      | Found a shadowy altar of Dithmenos.
  3517 | D:4      | Found Aququ's Book Shoppe.
  3696 | D:4      | Noticed Sigmund
  3707 | D:4      | Killed Sigmund
  4032 | D:4      | Gained mutation: You are somewhat inexperienced (-2 XL). [Ru sacrifice]
  4032 | D:4      | Reached XP level 5. HP: 47/47 MP: 4/4
  4032 | D:4      | Reached XP level 4. HP: 41/41 MP: 3/3
  4032 | D:4      | Reached ** piety under Ru
  4061 | D:5      | Entered Level 5 of the Dungeon
  4064 | D:5      | Noticed a sky beast
  4077 | D:5      | Killed a sky beast
  4077 | D:5      | Reached skill level 5 in Fighting
  4077 | D:5      | Reached XP level 5. HP: 46/48 MP: 4/4
  4081 | D:5      | Gained mutation: You passively map a small area around you. [mutagenic meat]
  4082 | D:5      | Gained mutation: Your flesh is cold resistant. [mutagenic meat]
  4083 | D:5      | Gained mutation: Your magical capacity is low (-10% MP). [mutagenic meat]
  4084 | D:5      | Gained mutation: You are frail (-10% HP). [mutagenic meat]
  4125 | D:5      | Reached XP level 6. HP: 48/50 MP: 4/4
  4153 | D:5      | Found a staircase to the Ecumenical Temple.
  4221 | D:5      | Found a white marble altar of Elyvilon.
  4222 | D:5      | Noticed Pikel
  4241 | D:5      | Killed Pikel
  4241 | D:5      | Reached skill level 5 in Maces & Flails
  4241 | D:5      | Reached XP level 7. HP: 42/55 MP: 5/5
  4343 | D:5      | Found Suwom's General Store.
  4433 | D:5      | Noticed Blork the orc
  4451 | D:5      | Killed Blork the orc
  5222 | D:6      | Reached XP level 8. HP: 53/63 MP: 6/6
  5439 | D:6      | Reached skill level 6 in Fighting
  5776 | D:6      | Reached skill level 5 in Armour
  5776 | D:6      | Reached skill level 5 in Shields
  6063 | D:7      | Found a glowing golden altar of the Shining One.
  6070 | D:7      | Reached skill level 5 in Dodging
  6079 | D:7      | Gained mutation: You cannot study or cast Fire magic. [Ru sacrifice]
  6079 | D:7      | Gained mutation: You cannot study or cast Transmutations magic. [Ru sacrifice]
  6079 | D:7      | Gained mutation: You cannot study or cast Conjurations magic. [Ru sacrifice]
  6079 | D:7      | Reached *** piety under Ru
  6136 | D:7      | Found Opnainis's Gadget Emporium.
  6155 | D:7      | Found Joniowipir's Antique Weapon Emporium.
  6392 | D:7      | Found a shimmering altar of Xom.
  6568 | D:7      | Found Fueph's Antique Armour Shoppe.
  6646 | D:7      | Found a shattered altar of Ashenzari.
  6650 | D:7      | Found a deep blue altar of Sif Muna.
  6655 | D:7      | Found a burning altar of Makhleb.
  6675 | D:7      | Found Semor's Jewellery Emporium.
  6752 | D:7      | Reached XP level 9. HP: 70/70 MP: 7/7
  6756 | D:7      | Gained mutation: You are clumsy. (Dex -2) [mutagenic meat]
  6757 | D:7      | Gained mutation: You evolve. [mutagenic meat]
  6758 | D:7      | Gained mutation: Your flesh is very cold resistant. [mutagenic meat]
  6759 | D:7      | Gained mutation: You occasionally shout uncontrollably at your foes. [mutagenic meat]
  6760 | D:7      | Gained mutation: You sometimes yell uncontrollably at your foes. [mutagenic meat]
  6943 | D:7      | Lost mutation: You sometimes yell uncontrollably at your foes. [evolution]
  7045 | D:7      | Bought an uncursed amulet of regeneration for 330 gold pieces
  7061 | D:8      | Noticed Psyche
  7080 | D:8      | Killed Psyche
  7080 | D:8      | Reached skill level 7 in Maces & Flails
  7366 | D:8      | Found a glowing golden altar of the Shining One.
  7508 | D:8      | Noticed Joseph
  7541 | D:8      | Killed Joseph
  7541 | D:8      | Reached skill level 8 in Maces & Flails
  7674 | D:8      | Gained mutation: You are missing an eye, making it more difficult to aim. [Ru sacrifice]
  7674 | D:8      | Reached **** piety under Ru
  7721 | D:8      | Found a basalt altar of Yredelemnul.
  7778 | D:8      | Noticed Maurice
  7788 | D:8      | Killed Maurice
  7899 | D:8      | Gained mutation: You are very frail (-20% HP). [mutagenic meat]
  7903 | D:8      | Gained mutation: Scrolls take you a little longer to read. [mutagenic meat]
  7975 | D:8      | Noticed an angel
  8046 | D:9      | Reached XP level 10. HP: 68/68 MP: 8/8
  8151 | D:9      | Noticed a deep elf mage
  8170 | D:9      | Killed a deep elf mage
  8362 | D:9      | Reached skill level 9 in Maces & Flails
  8425 | D:10     | Entered Level 10 of the Dungeon
  8513 | D:10     | Noticed a hill giant
  8517 | D:10     | Noticed a hill giant
  8531 | D:10     | Killed a hill giant
  8547 | D:10     | Killed a hill giant
  8820 | D:10     | Reached skill level 10 in Maces & Flails
  8995 | D:10     | Found a staircase to the Lair.
  8999 | D:10     | Noticed an elephant
  9014 | D:10     | Killed an elephant
  9052 | Lair:1   | Entered Level 1 of the Lair of Beasts
  9322 | Lair:1   | Got a shimmering ring mail
  9325 | Lair:1   | Identified the +5 ring mail "Reraudug" {rPois SInv} (You found it on level 1 of the Lair of Beasts)
  9519 | Lair:1   | Gained mutation: You cannot be stealthy. [Ru sacrifice]
  9519 | Lair:1   | Reached ***** piety under Ru
  9623 | Lair:1   | Reached XP level 11. HP: 76/76 MP: 8/8
  9634 | Lair:1   | Gained mutation: You passively map the area around you. [evolution]
 10149 | Lair:1   | Got a fine shortbow
 10231 | Lair:2   | Reached skill level 11 in Maces & Flails
 10311 | Lair:2   | Found a shimmering altar of Xom.
 10491 | Lair:2   | Noticed Gastronok
 10532 | Lair:2   | Killed Gastronok
 10927 | Lair:3   | Reached skill level 10 in Shields
 11390 | Lair:3   | Noticed a seven-headed hydra
 11403 | Lair:3   | Killed a seven-headed hydra
 11403 | Lair:3   | Reached skill level 12 in Maces & Flails
 11429 | Lair:3   | Gained mutation: Potions and wands are less effective at restoring your health. [Ru sacrifice]
 11632 | Lair:3   | You fall through a shaft!
 11689 | Lair:4   | Found a staircase to the Swamp.
 11808 | Lair:4   | Reached XP level 12. HP: 83/83 MP: 9/9
 11817 | Lair:4   | Noticed Maud
 11855 | Lair:4   | Killed Maud
 12094 | Swamp:1  | Entered Level 1 of the Swamp
 12209 | Swamp:1  | Noticed a seven-headed hydra
 12218 | Lair:4   | Reached skill level 13 in Maces & Flails
 12474 | Lair:4   | Killed a seven-headed hydra
 12626 | Lair:4   | Lost mutation: You occasionally shout uncontrollably at your foes. [evolution]
 12838 | Lair:4   | Noticed a six-headed hydra
 12856 | Lair:4   | Killed a six-headed hydra
 13598 | Swamp:1  | Noticed a ghost crab
 13611 | Swamp:1  | Killed a ghost crab
 13611 | Swamp:1  | Reached XP level 13. HP: 49/90 MP: 10/10
 13687 | Swamp:1  | Noticed Roxanne
 13809 | Swamp:1  | Killed Roxanne
 13866 | Swamp:1  | Identified Roxanne's Disquisition on Mutagenic Clay (You took it off Roxanne on level 1 of the Swamp)
 13900 | Swamp:1  | Gained mutation: You cannot train Dodging skill. [Ru sacrifice]
 13900 | Swamp:1  | Reached ****** piety under Ru
 14096 | Swamp:1  | Reached skill level 10 in Fighting
 15591 | Lair:5   | Gained mutation: You have large cloven feet. [evolution]
 15617 | Lair:5   | Reached skill level 14 in Maces & Flails
 16081 | Lair:5   | Found a staircase to the Snake Pit.
 16145 | Snake:1  | Entered Level 1 of the Snake Pit
 16879 | D:10     | Found a staircase to the Orcish Mines.
 16888 | D:10     | Found a roughly hewn altar of Beogh.
 16983 | Orc:1    | Entered Level 1 of the Orcish Mines
 17020 | Orc:1    | Found Norol's Weapon Shop.
 17631 | Orc:2    | Entered Level 2 of the Orcish Mines
 17658 | Orc:2    | Found Jureide's General Store.
 17670 | Orc:2    | Noticed Rupert
 17707 | Orc:2    | Killed Rupert
 17730 | Orc:2    | Found Qygrat's Antique Armour Shop.
 17732 | Orc:2    | Found a staircase to the Elven Halls.
 17736 | Orc:2    | Found Foixt's Assorted Antiques.
 17769 | Orc:2    | Found Poerof's Gadget Boutique.
 17964 | Orc:2    | Found a roughly hewn altar of Beogh.
 17973 | Orc:2    | Noticed an orc warlord
 17976 | Orc:2    | Found Edonil's Book Boutique.
 18226 | Orc:2    | Noticed Nessos
 18323 | Orc:2    | Killed Nessos
 18946 | D:11     | Reached XP level 14. HP: 87/97 MP: 11/11
 19305 | D:11     | Gained mutation: You are covered in fur (AC +1). [evolution]
 19630 | D:11     | Upgraded the game from 0.18-a0-775-g4d9e04e to 0.18-a0-801-gb01a236
 19698 | D:11     | Noticed Urug
 19714 | D:11     | Killed Urug
 19761 | D:11     | You fall through a shaft for 2 floors!
 20223 | D:12     | Noticed Sonja
 20260 | D:12     | Killed Sonja
 20392 | D:12     | Reached skill level 15 in Maces & Flails
 20519 | D:12     | Found Xivodej's General Store.
 20680 | D:12     | Found a runed door.
 21281 | D:12     | Got a clouded brass ring
 21284 | D:12     | Identified the ring "Zateesum" {Int+4 Dex+5} (You found it on level 12 of the Dungeon)
 21430 | D:13     | Found Rumom's Gadget Boutique.
 21949 | D:14     | Found Ofelamit's Book Shoppe.
 22044 | D:14     | Lost mutation: Your magical capacity is low (-10% MP). [mutagenic meat]
 22097 | D:14     | Identified a scroll of acquirement
 22341 | D:14     | Found a gate to the Vaults.
 22367 | D:14     | Reached skill level 10 in Armour
 22403 | D:14     | Reached skill level 15 in Shields
 22419 | D:14     | Reached skill level 16 in Maces & Flails
 22569 | D:14     | Found a shimmering altar of Xom.
 22613 | D:14     | Gained mutation: Your flesh is heat resistant. [evolution]
 22647 | D:15     | Entered Level 15 of the Dungeon
 22709 | D:15     | Found a staircase to the Depths.
 22709 | D:15     | Noticed a fire giant
 22715 | D:15     | Found Wyrugasi's Antique Weapon Boutique.
 22722 | D:15     | Killed a fire giant
 22736 | D:15     | Noticed Azrael
 22807 | D:15     | Killed Azrael
 22807 | D:15     | Reached XP level 15. HP: 47/105 MP: 14/14
 23033 | D:15     | Gained mutation: You are partially covered in rugged brown scales (AC +1, +3% HP). [mutagenic meat]
 23035 | D:15     | Lost mutation: You have large cloven feet. [mutagenic meat]
 23040 | D:15     | Gained mutation: Your magical capacity is low (-10% MP). [mutagenic meat]
 23041 | D:15     | Lost mutation: You are clumsy. (Dex -2) [mutagenic meat]
 23235 | D:15     | Noticed Agnes
 23250 | D:15     | Killed Agnes
 23808 | Orc:2    | Found Javev's General Store.
 23949 | Orc:2    | Found Qugav's Antique Armour Boutique.
 23976 | Orc:2    | Found Ixaezies's Antique Weapon Boutique.
 24505 | Snake:1  | Noticed Asterion
 24516 | Snake:1  | Killed Asterion
 24982 | Lair:6   | Reached skill level 17 in Maces & Flails
 25012 | Lair:6   | Found a dark tunnel.
 25026 | Volcano  | Entered a volcano
 26823 | Lair:7   | Got a transparent mace
 26824 | Lair:7   | Identified the +9 mace "Onem" {drain, rF+} (You found it on level 7 of the Lair of Beasts)
 27274 | Lair:8   | Entered Level 8 of the Lair of Beasts
 27294 | Lair:8   | Noticed Yakui's ghost (journeyman MfGl)
 27742 | Lair:8   | Killed Yakui's ghost
 27742 | Lair:8   | Reached skill level 1 in Evocations
 27839 | Lair:8   | Found a staircase to the Slime Pits.
 27839 | Lair:8   | Found a viscous altar of Jiyva.
 27866 | Lair:8   | Reached XP level 16. HP: 42/117 MP: 14/14
 27992 | Slime:1  | Entered Level 1 of the Pits of Slime
 27992 | Slime:1  | Noticed an acid blob
 28013 | Slime:2  | Noticed an acid blob
 28019 | Slime:2  | Noticed an acid blob
 28020 | Slime:2  | Killed an acid blob
 28020 | Slime:2  | Reached skill level 18 in Maces & Flails
 28023 | Slime:2  | Splashed with acid

Vault maps used:
D:1:      elethiomel_arrival_infinity_welcomes_careful_drivers
D:2:      gammafunk_temple_overflow_forgotten
D:4:      overflow_temple_1_default, serial_shops, shop, first_bread,
          uniq_sigmund
D:5:      minmay_temple_entry_large_hall, serial_shops, shop_fountains,
          elyvilon_altar_1, uniq_pikel, uniq_blork_the_orc
D:7:      kb_xom_exploding_sheep, minmay_overflow_temple_star_quad,
          serial_shops, kennysheep_little_box, shop, shop, shop,
          nicolae_tso_besieged_by_evil
D:8:      grunt_temple_overflow_holy_war, uniq_maurice, uniq_psyche, uniq_joseph
D:10:     david_lair_generic, minmay_orc_entry_temple_small
D:11:     uniq_urug
D:12:     serial_shops, kennysheep_mini, lightli_airlock, uniq_sonja
D:13:     serial_shops, shop, grunt_tengu_nest
D:14:     erik_vaults_2, basic_altar, serial_shops, kennysheep_mini_moat
D:15:     grunt_enter_depths_giant_problem, serial_shops, shop,
          minmay_door_square, uniq_agnes, uniq_azrael
Lair:1:   wad_woods_minihive
Lair:2:   basic_altar, lemuel_fruit_tree, uniq_gastronok
Lair:3:   hangedman_lair_generics_rect
Lair:4:   swamp_mist_pool, uniq_maud
Lair:5:   guppyfry_snake_entry_island
Lair:6:   enter_volcano_3
Lair:7:   lemuel_old_faithful, serial_bayou_shore_a, serial_bayou_shore_b
Lair:8:   wormcave, hangedman_lair_in_review, slime_altar_1
Swamp:1:  nicolae_swamp_very_dense_foliage, uniq_roxanne
Swamp:2:  evilmike_swamp_ruin_rubble_2
Snake:1:  basic_altar, spider_trap, uniq_asterion
Slime:2:  nicolae_slime_phagocytosis
Orc:1:    serial_shops, nicolae_shop_competitors_out_of_business
Orc:2:    grunt_orc_cross, serial_shops, nicolae_shop_overgrown_old_shop, shop,
          shop, shop, special_room, uniq_rupert, uniq_nessos
Volcano:  volcano_pools

Action                   |  1- 3 |  4- 6 |  7- 9 | 10-12 | 13-15 | 16-18 || total
-------------------------+-------+-------+-------+-------+-------+-------++-------
Melee: Club              |    20 |       |       |       |       |       ||    20
       Unarmed           |     3 |       |       |       |       |       ||     3
       Whip              |    96 |   170 |   434 |  1027 |  1543 |       ||  3270
       Demon whip        |       |       |       |       |   458 |    26 ||   484
       Morningstar       |       |       |       |       |    46 |       ||    46
       Flail             |       |       |       |       |   551 |       ||   551
       Mace              |       |       |       |       |   199 |       ||   199
Invok: Sacrifice Skill   |     1 |       |       |       |       |       ||     1
       Sacrifice Experie |       |     1 |       |       |       |       ||     1
       Sacrifice Arcana  |       |       |     1 |       |       |       ||     1
       Draw Out Power    |       |       |     3 |     1 |    10 |       ||    14
       Power Leap        |       |       |     1 |       |     1 |       ||     2
       Sacrifice an Eye  |       |       |     1 |       |       |       ||     1
       Apocalypse        |       |       |       |     6 |     7 |     2 ||    15
       Sacrifice Stealth |       |       |       |     1 |       |       ||     1
       Sacrifice Purity  |       |       |       |     1 |       |       ||     1
       Sacrifice Nimblen |       |       |       |       |     1 |       ||     1
Evoke: Wand              |       |       |     1 |     5 |    26 |       ||    32
       Deck              |       |       |       |       |     1 |       ||     1
  Use: Scroll            |     3 |     6 |    14 |     7 |    22 |       ||    52
       Potion            |     4 |     2 |     3 |     3 |     6 |       ||    18
 Stab: Sleeping          |     1 |       |       |       |       |       ||     1
       Distracted        |       |     1 |     1 |     5 |    20 |       ||    27
       Invisible         |       |       |     6 |     7 |    46 |       ||    59
       Paralysed         |       |       |       |    14 |    26 |     5 ||    45
  Eat: Chunk             |     1 |     7 |    15 |    10 |    40 |       ||    73
       Bread ration      |     1 |     1 |     1 |     1 |       |       ||     4
       Fruit             |       |       |     3 |     6 |    13 |       ||    22
       Pizza             |       |       |       |     2 |     3 |       ||     5
       Beef jerky        |       |       |       |       |     5 |       ||     5
       Royal jelly       |       |       |       |       |     2 |       ||     2
